 Dungeon Crawl Stone Soup version 0.29.1-15-g9cfb28693d (webtiles) character file.

Game seed: 9849856493250244864

165209 croobank the Unforgettable (level 17, 0/116 HPs)
             Began as a Demonspawn Fire Elementalist on Mar 23, 2023.
             Was the Champion of Hepliaklqana.
             Constricted to death by a naga warrior (6 damage)
             ... on level 4 of the Snake Pit.
             The game lasted 01:56:56 (36018 turns).

croobank the Unforgettable (DsFE)                  Turns: 36018, Time: 01:56:57

Health: 0/116      AC: 13    Str:  6    XL:     17   Next: 27%
Magic:  7/32       EV: 17    Int: 23    God:    Hepliaklqana [******]
Gold:   1953       SH:  9    Dex: 28    Spells: 11/38 levels left

rFire   + . .      SeeInvis .   a - +9 dagger (venom)
rCold   . . .      Faith    .   w - +2 buckler {rF+}
rNeg    . . .      Spirit   .   M - +0 troll leather armour
rPois   +          Reflect  .   m - +1 hat
rElec   .          Harm     .   X - +1 cloak
rCorr   .          Rampage  .   N - +1 pair of gloves
Will    +++..                   (no boots)
Stlth   +++++.....              n - amulet of Paotih {Regen+ Dex+6}
HPRegen 1.89/turn               e - ring of willpower
MPRegen 0.23/turn               s - ring of willpower

@: lethally poisoned (0 -> -1), very slightly contaminated, constricted,
studying Shields
A: reduced essence, slimy green scales 3, demonic magic 3, weakness stinger 2,
horns 1, agile 2
a: Renounce Religion, Recall Ancestor, Ancestor Identity, Transference, Idealise


You were on level 4 of the Snake Pit.
You worshipped Hepliaklqana.
Hepliaklqana was exalted by your worship.
You visited 6 branches of the dungeon, and saw 29 of its levels.
You also visited: Sewer and Volcano.

You collected 3321 gold pieces.
You spent 1368 gold pieces at shops.

Inventory:

Hand Weapons
 a - a +9 dagger of venom (weapon)
 b - the +5 sling "Jearaib" {flame, rC+ SInv}
   (You found it on level 2 of the Dungeon)

   Any ammunition fired from it burns those it strikes, dealing additional fire
   damage.
   rC:        It protects you from cold.
   SInv:      It lets you see invisible.
 q - a +3 hand crossbow of flaming
 D - the +10 morningstar of the Living Dead {speed, SInv}
   (You found it on level 5 of the Lair of Beasts)

   Attacks with this weapon are significantly faster.
   SInv:      It lets you see invisible.
 Y - a +0 broad axe of venom
Missiles
 h - 6 throwing nets
 u - 2 boomerangs of dispersal
 C - 5 javelins
 E - 8 curare-tipped darts
Armour
 m - a +1 hat (worn)
 w - a +2 buckler of fire resistance (worn)
 M - a +0 troll leather armour (worn)
 N - a +1 pair of gloves (worn)
 X - a +1 cloak (worn)
Magical Staves
 o - a staff of fire
Jewellery
 e - a ring of willpower (left hand)
 g - a +6 ring of intelligence
 k - a ring of protection from cold
 n - the amulet of Paotih (around neck) {Regen+ Dex+6}
   (You acquired it on level 1 of the Lair of Beasts)

   [amulet of regeneration]

   Dex:       It affects your dexterity (+6).
   Regen:     It increases your rate of health regeneration.
 s - a ring of willpower (right hand)
 F - a +6 ring of strength
 Q - a ring of protection from fire
 S - the ring of Amperoomm {rPois Str+6}
   (You found it on level 12 of the Dungeon)

   [ring of strength]

   Str:       It affects your strength (+6).
   rPois:     It protects you from poison.
Wands
 p - a wand of digging (17)
 x - a wand of charming (23)
 y - a wand of mindburst (8)
 O - a wand of flame (35)
 U - a wand of roots (7)
 V - a wand of acid (17)
Scrolls
 c - 4 scrolls of fear
 f - 7 scrolls of vulnerability
 j - 4 scrolls of butterflies
 l - a scroll of silence
 r - 2 scrolls of immolation
 P - 6 scrolls of magic mapping
 R - 2 scrolls of blinking
 T - 3 scrolls of poison
 W - 9 scrolls of teleportation
Potions
 d - 3 potions of might
 i - 2 potions of resistance
 t - 10 potions of mutation
 v - 4 potions of attraction
 z - 2 potions of invisibility
 A - 4 potions of lignification
 B - 2 potions of cancellation
 G - 8 potions of haste
 H - 2 potions of magic
 I - 5 potions of brilliance
 J - 8 potions of curing
 K - 5 potions of ambrosia
 L - 6 potions of berserk rage
 Z - 6 potions of flight


   Skills:
 + Level 10.5 Fighting
 + Level 9.0 Ranged Weapons
 - Level 2.0 Armour
 + Level 9.9 Dodging
 + Level 10.8 Stealth
 - Level 5.0 Shields
 + Level 11.1 Spellcasting
 + Level 11.9 Conjurations
 * Level 9.0 Transmutations
 + Level 11.2 Fire Magic
 + Level 12.3 Invocations


You had 11 spell levels left.
You knew the following spells:

 Your Spells              Type           Power      Damage    Failure   Level
a - Foxfire               Conj/Fire      100%       2x1d9     1%          1
b - Scorch                Fire           100%       2d10      1%          2
c - Flame Wave            Conj/Fire      60%        2d14      1%          4
d - Starburst             Conj/Fire      30%        6d9       13%         6
e - Fire Storm            Conj/Fire      30%        8d8       100%        9
f - Irradiate             Conj/Tmut      28%        3d21      3%          5

Your spell library contained the following spells:

 Spells                   Type           Power      Damage    Failure   Level
 Shock                    Conj/Air       100%       1d9       1%          1
 Sting                    Tmut/Pois      100%       1d8       1%          1
 Conjure Flame            Conj/Fire      60%        6-21      1%          3
 Ignite Poison            Fire/Tmut/Pois 43%        N/A       1%          3
 Sticky Flame             Conj/Fire      60%        2d8       1%          4
 Iskenderun's Battlesphe  Conj           61%        2d11      1%          5
 Passwall                 Tmut/Erth      27%        N/A       2%          2
 Dazzling Flash           Conj/Hex       80%        N/A       2%          3
 Stone Arrow              Conj/Erth      80%        3d12      2%          3
 Fireball                 Conj/Fire      30%        3d13      2%          5
 Inner Flame              Hex/Fire       38%        N/A       3%          3
 Iskenderun's Mystic Bla  Conj/Tloc      40%        2d9       9%          4
 Ensorcelled Hibernation  Hex/Ice        24%        N/A       16%         2
 Poisonous Vapours        Pois/Air       24%        N/A       16%         2
 Sublimation of Blood     Necr           12%        N/A       16%         2
 Petrify                  Tmut/Erth      33%        N/A       16%         4
 Swiftness                Air            12%        N/A       30%         3
 Tukima's Dance           Hex            12%        N/A       30%         3
 Yara's Violent Unravell  Hex/Tmut       16%        3d8       41%         5
 Orb of Destruction       Conj           30%        9d10      52%         7
 Airstrike                Air            6%         2d(1-17)  69%         4
 Cause Fear               Hex            6%         N/A       69%         4
 Leda's Liquefaction      Hex/Erth       6%         N/A       69%         4
 Olgreb's Toxic Radiance  Pois           12%        N/A       69%         4
 Passage of Golubria      Tloc           12%        N/A       69%         4
 Summon Lightning Spire   Summ/Air       12%        N/A       69%         4
 Conjure Ball Lightning   Conj/Air       20%        3x3d6     78%         6
 Statue Form              Tmut/Erth      22%        N/A       94%         6
 Agony                    Necr           12%        N/A       95%         5
 Lee's Rapid Deconstruct  Erth           6%         3d7*      95%         5
 Silence                  Hex/Air        6%         N/A       95%         5
 Discord                  Hex            6%         N/A       100%        8
 Ignition                 Fire           29%        3d9       100%        8
 Lehudib's Crystal Spear  Conj/Erth      20%        10d6      100%        8


Dungeon Overview and Level Annotations

Branches:
Dungeon (15/15)            Temple (1/1) D:7            Lair (5/5) D:8
 Shoals (0/4) Lair:2        Snake (4/4) Lair:2        Slime (0/5) Lair:5
    Orc (2/2) D:9             Elf (2/3) Orc:2        Vaults (0/5) D:13
  Sewer (visited)         Volcano (visited)
 Depths: D:15

Altars:
Ashenzari
Cheibriados
Dithmenos
Fedhas
Gozag
Hepliaklqana
Kikubaaqudgha
Makhleb
Nemelex Xobeh
Okawaru
Qazlal
Ru
Sif Muna
Trog
Uskayaw
Vehumet
Wu Jian
Xom
Yredelemnul
Jiyva

Shops:
D:2 **?   D:4 [   D:5 ?   D:6 *   D:10 (   D:15 *   Orc:2 !([[   Snake:1 *?=
Snake:3 [

Annotations:
Snake:2 2 transporters
Snake:3 2 runed translucent doors, fleeber's ghost, adept BaHu


Innate Abilities, Weirdness & Mutations

Your life essence is reduced to manifest your ancestor. (-10% HP)
You are completely covered in slimy green scales. (AC +4, rPois)
Spells you cast and wands you use may paralyse nearby enemies.
You have a tail ending in a sharp stinger.
You have a pair of small horns on your head.
You are very agile. (Dex +8, Str/Int -2)


Message History

You are no longer poisoned.
You are poisoned.
The naga warrior spits poison at you.
The splash of poison hits you but does no damage.
You are more poisoned.
You resist. The naga warrior constricts you.
Your Transmutations skill increases to level 9!
The helpless naga ritualist fails to defend itself.
You skewer the naga ritualist like a kebab!!!
You kill the naga ritualist!
You feel very sick.
The shock serpent shoots out a bolt of lightning at you!
The bolt of electricity hits you!
* * * LOW HITPOINT WARNING * * *
You block the naga warrior's attack. The naga warrior constricts you.
* * * LOW HITPOINT WARNING * * *
The shock serpent completely misses you.
A mana viper comes into view.
The mana viper hisses angrily.
Okay, then.
You feel magically purged.
You feel sick. You block the shock serpent's attack.
The naga warrior spits poison at you. The splash of poison misses you.
The naga warrior constricts you.
* * * LOW HITPOINT WARNING * * *
You block the shock serpent's attack.
Casting: Irradiate (dangerous; 3% risk of failure)
Confirm with . or Enter, or press ? or * to list all spells.
You erupt in a fountain of uncontrolled magic!
The shock serpent is blasted with magical radiation!!
The shock serpent is heavily wounded.
The shock serpent twists and deforms.
The naga warrior is blasted with magical radiation!!!
The naga warrior is severely wounded.
The naga warrior twists and deforms.
Malevolent energies surge around you.
The shock serpent suddenly stops moving!
The shock serpent's electric aura discharges, shocking you!
* * * LOW HITPOINT WARNING * * *
You feel sick. You block the naga warrior's attack.
The naga warrior constricts you.
You die...

~,*~~,,,,,+,~~~~~,+,,,,,*,,,,*,,,
,,*~~,,,,,*,~~~~~,+,,,,,,,,,,,,,*
~,*~~,,,,,+,~~~~~,+,,,,.,,,,,,,,*
~,**,,,,,,*,,,,,,,*,,,..,,,,<,,,,
~,~**,,,,,**,,,,,***,...,,,,,,**,
~,~~**,,,,**,***,*##S...*,,,,,**,
,,~~~*,*,*###,,,*#S.....*,,,,,,,*
~~~~**,,,*#.#####NN.....*,*******
~~~~*,*,*,#..##)@).#*****,*******
~*****,,,*#.....)S.# ****,,,** **
***,,,##..#..†..#* *,,∩,* *
**,,,,##...##...[.######**,,,,,
***,,,,*#....##..........,,∩,⌠,∩,
,,,,*####..####....#....,.#*,,,,,
,,,*##.....## #....#..##..#*,,∩,*
***##.......###....#...##.#*,,,**
#.........######.......#*****


You could see a naga warrior (catching breath, misshapen), an anaconda, a shock
serpent (paralysed, misshapen), a mana viper and a naga mage (strong,
paralysed).

Vanquished Creatures
  Frances (Elf:1)
  A deep elf sorcerer (Elf:1)
  An orc warlord (Orc:2)
  A yaktaur captain (D:13)
  A salamander tyrant (Snake:3)
  4 hydras (Lair:5)
  6 anacondas
  A catoblepas (Lair:5)
  2 two-headed ogres (D:8)
  4 boulder beetles
  2 naga warriors (Snake:1)
  An alligator (Lair:5)
  13 death yaks (Lair:5)
  4 tengu warriors
  2 orc high priests
  4 shock serpents
  Lodul (D:10)
  Amaemon (Lair:1)
  A sea snake (Snake:4)
  6 orc knights (Orc:2)
  3 naga ritualists
  A wizard (D:15)
  Pikel (D:7)
  3 deep elf archers
  7 deep elf pyromancers
  2 orc sorcerers (Orc:2)
  8 deep elf zephyrmancers
  8 ugly things (D:15)
  3 mana vipers (Snake:2)
  7 salamanders
  4 cyclopes
  4 manticores
  23 black mambas
  7 elephants
  2 merfolk sirens (Lair:2)
  Maurice (D:9)
  3 guardian serpents
  11 naga magi
  2 gargoyles
  An orange demon (Lair:1)
  4 cane toads
  An unseen horror (D:11)
  A freezing wraith (D:15)
  A rime drake (Lair:5)
  4 komodo dragons
  A yaktaur (D:13)
  A tengu conjurer (D:15)
  6 trolls
  A troll (shapeshifter) (Elf:2)
  Prince Ribbit (D:5)
  16 slime creatures
  2 merfolk (Lair:2)
  A saltling (Orc:2)
  2 dream sheep (Lair:1)
  6 blink frogs
  A shadow (D:12)
  An air elemental (Elf:1)
  A centaur simulacrum (D:14)
  A fire elemental (Volcano)
  4 wyverns
  Eustachio (D:6)
  A golden eye (shapeshifter) (D:14)
  24 yaks
  2 basilisks
  A human (shapeshifter) (D:15)
  2 vampire mosquitoes (D:15)
  A warg (Orc:1)
  An acid dragon (D:8)
  A hell hound (Volcano)
  9 nagas
  14 water moccasins
  4 black bears
  15 orc warriors
  An ice beast (D:8)
  4 centaurs (D:11)
  14 ogres
  10 wolves
  A lemure (D:7)
  8 kobold brigands
  13 bullfrogs
  2 gnoll sergeants
  A necrophage (D:7)
  3 scorpions
  9 wights
  5 killer bees (D:10)
  4 howler monkeys
  A vampire bat (D:13)
  3 electric eels (Lair:3)
  2 hounds
  2 jellies
  9 orc priests
  A gnoll bouda (Lair:1)
  3 iguanas
  17 orc wizards
  11 gnolls
  10 adders
  7 river rats (Sewer)
  A shadow imp (D:6)
  An ufetubus (D:4)
  A worm (D:2)
  9 dart slugs (D:5)
  57 orcs
  5 bats
  A bat skeleton (D:13)
  3 bat zombies (D:13)
  4 endoplasms
  5 giant cockroaches
  9 goblins
  8 hobgoblins
  4 quokkas
  6 ball pythons
  4 frilled lizards
  43 kobolds
  20 rats
  A bush (D:15)
  A pillar of salt (Orc:2)
614 creatures vanquished.

Vanquished Creatures (collateral kills)
  Rupert (Lair:4)
  A nagaraja (Snake:2)
  An orc warlord (Orc:2)
  Azrael (D:15)
  An ettin (Orc:2)
  2 boulder beetles
  Fannar (Lair:2)
  2 hydras
  5 anacondas
  3 naga warriors
  Erica (D:10)
  2 catoblepae (Lair:5)
  A death yak (Lair:5)
  3 two-headed ogres
  2 naga sharpshooters
  A tengu warrior (D:13)
  2 shock serpents (Snake:1)
  2 deep elf knights
  A deep elf archer (Volcano)
  A naga ritualist (Snake:1)
  8 deep elf pyromancers
  An orc sorcerer (Orc:1)
  4 orc knights
  A manticore (shapeshifter) (Elf:1)
  4 deep elf zephyrmancers
  3 mana vipers
  A manticore (Lair:5)
  3 ugly things (D:15)
  A cyclops (D:15)
  A salamander (Snake:1)
  4 naga magi
  4 elephants
  11 black mambas
  3 cane toads
  An eye of devastation (Lair:5)
  2 komodo dragons
  A rime drake (Lair:5)
  A yaktaur (D:13)
  A polar bear (Lair:4)
  3 trolls
  3 saltlings (Orc:2)
  2 dream sheep (Lair:5)
  7 blink frogs
  8 slime creatures
  A vampire (D:9)
  2 wraiths (D:12)
  A water elemental (Elf:2)
  A basilisk (Lair:2)
  8 fire elementals
  24 yaks
  A vampire mosquito (D:15)
  A steam dragon (Lair:1)
  7 nagas
  3 water moccasins (Lair:5)
  9 hell hounds
  A floating eye (Lair:5)
  8 orc warriors
  7 ogres
  4 wolves
  2 centaurs
  3 bullfrogs
  5 killer bees
  3 orc priests
  4 orc wizards (Orc:2)
  2 gnolls (D:10)
  14 orcs
  2 bat skeletons (D:13)
  A bat zombie (D:13)
  A kobold (D:9)
  A bush (D:15)
  13 foxfires
  2 pillars of salt (Orc:2)
243 creatures vanquished.

Vanquished Creatures (others)
  2 centaur warriors (D:15)
  A deep elf zephyrmancer (Elf:1)
  22 battlemagi
  4 ancestors
  3 bushes (Lair:3)
  1250 foxfires
  21 fungi
  A pillar of salt (Orc:2)
  46 plants
1350 creatures vanquished.

Grand Total: 2207 creatures vanquished

Notes
Turn   | Place    | Note
-------+----------+-------------------------------------------
     0 | D:1      | croobank the Demonspawn Fire Elementalist began the quest
                  | for the Orb.
     0 | D:1      | Reached XP level 1. HP: 13/13 MP: 3/3
   490 | D:1      | Gained mutation: Spells you cast may paralyse adjacent
                  | enemies. [demonic ancestry]
   490 | D:1      | Reached XP level 2. HP: 19/19 MP: 1/5
   535 | D:1      | Learned a level 2 spell: Scorch
  1196 | D:1      | Found a faded altar of an unknown god.
  1364 | D:1      | Gained mutation: Spells you cast may paralyse nearby
                  | enemies. [demonic ancestry]
  1364 | D:1      | Reached XP level 3. HP: 24/24 MP: 3/6
  1644 | D:2      | Found Guetzumu's General Store.
  1908 | D:2      | Found Vyebulim's General Store.
  1934 | D:2      | Bought a scroll of identify for 28 gold pieces
  1995 | D:2      | Found Tixatt's Magic Scroll Boutique.
  2000 | D:2      | Bought a scroll of identify for 24 gold pieces
  2043 | D:2      | Identified the +5 sling "Jearaib" {flame, rC+ SInv}
  2186 | D:3      | Gained mutation: Spells you cast and wands you use may
                  | paralyse nearby enemies. [demonic ancestry]
  2186 | D:3      | Reached XP level 4. HP: 29/30 MP: 7/7
  3553 | D:4      | Noticed a scorpion
  3562 | D:4      | Killed a scorpion
  3563 | D:4      | Reached skill level 1 in Fighting
  3563 | D:4      | Reached skill level 1 in Ranged Weapons
  3563 | D:4      | Gained mutation: You are partially covered in slimy green
                  | scales. (AC +2) [demonic ancestry]
  3563 | D:4      | Reached XP level 5. HP: 23/37 MP: 0/9
  3827 | D:4      | Noticed a black bear
  3834 | D:4      | Killed a black bear
  3835 | D:4      | Gained mutation: You have a small tail. [demonic ancestry]
  3835 | D:4      | Reached XP level 6. HP: 42/43 MP: 5/10
  4136 | D:4      | Found Jocwion's Armour Boutique.
  4217 | D:5      | Entered Level 5 of the Dungeon
  4450 | D:5      | Noticed Prince Ribbit
  4462 | D:5      | Killed Prince Ribbit
  4463 | D:5      | Reached XP level 7. HP: 13/51 MP: 2/11
  4562 | D:5      | Found a glowing drain.
  4606 | Sewer    | Entered a sewer
  4877 | Sewer    | Learned a level 4 spell: Flame Wave
  5082 | Sewer    | HP: 1/51 [cloud of steam (13)]
  5117 | Sewer    | Reached XP level 8. HP: 8/57 MP: 1/13
  6418 | D:5      | Found Suinianecw's Magic Scroll Boutique.
  6458 | D:5      | Bought a scroll of summoning for 114 gold pieces
  6458 | D:5      | Bought a scroll of identify for 24 gold pieces
  6777 | D:6      | Noticed Eustachio
  6791 | D:6      | Killed Eustachio
  7020 | D:6      | Reached XP level 9. HP: 54/65 MP: 5/15
  7068 | D:6      | Reached skill level 5 in Fire Magic
  7464 | D:6      | Reached skill level 5 in Stealth
  7797 | D:6      | Found Gozag's Platinum Reserve.
  7861 | D:6      | Found an opulent altar of Gozag.
  7988 | D:7      | Noticed Pikel
  7997 | D:7      | Killed Pikel
  8118 | D:7      | Reached skill level 5 in Spellcasting
  8228 | D:7      | Reached skill level 5 in Conjurations
  8268 | D:7      | Found a staircase to the Ecumenical Temple.
  8299 | Temple   | Entered the Ecumenical Temple
  8304 | Temple   | Became a worshipper of Hepliaklqana the Forgotten
  8429 | D:7      | Reached skill level 5 in Dodging
  8429 | D:7      | Reached skill level 1 in Invocations
  8703 | D:7      | Found a sparkling altar of Nemelex Xobeh.
  9276 | D:8      | Noticed a troll
  9294 | D:8      | Killed a troll
  9295 | D:8      | Reached skill level 1 in Armour
  9295 | D:8      | Reached skill level 2 in Invocations
  9343 | D:8      | Noticed a two-headed ogre
  9350 | D:8      | Killed a two-headed ogre
  9351 | D:8      | Reached skill level 3 in Invocations
  9351 | D:8      | Reached XP level 10. HP: 25/73 MP: 0/17
  9416 | D:8      | Noticed a manticore
  9637 | D:8      | Found a staircase to the Lair.
  9766 | D:8      | Reached skill level 5 in Fighting
  9973 | D:8      | Killed a manticore
  9974 | D:8      | Reached skill level 4 in Invocations
 10272 | D:8      | Noticed a two-headed ogre
 10283 | D:8      | Killed a two-headed ogre
 11074 | D:8      | Reached * piety under Hepliaklqana
 11320 | D:9      | Noticed a cyclops
 11327 | D:9      | Killed a cyclops
 11328 | D:9      | Reached skill level 1 in Shields
 11328 | D:9      | Reached skill level 5 in Invocations
 11377 | D:8      | Noticed a gargoyle
 11387 | D:8      | Killed a gargoyle
 11388 | D:8      | Reached skill level 5 in Ranged Weapons
 11731 | D:8      | Noticed a cyclops
 11742 | D:8      | Killed a cyclops
 11940 | D:9      | Reached XP level 11. HP: 72/72 MP: 17/20
 12127 | D:9      | Found a staircase to the Orcish Mines.
 12689 | D:9      | Noticed Maurice
 12701 | D:9      | Killed Maurice
 13048 | D:10     | Entered Level 10 of the Dungeon
 13082 | D:10     | Noticed Lodul
 13308 | Lair:1   | Entered Level 1 of the Lair of Beasts
 13317 | Lair:1   | Reached skill level 6 in Invocations
 13473 | Lair:1   | Noticed Amaemon
 13655 | Lair:1   | Killed Amaemon
 13857 | Lair:1   | Identified 3 scrolls of acquirement
 13857 | Lair:1   | Acquired a staff of fire
 13858 | Lair:1   | Acquired the Verses on Charred Spellbinding
 13861 | Lair:1   | Acquired the amulet of Paotih {Regen+ Dex+6}
 14104 | Lair:1   | Reached ** piety under Hepliaklqana
 14105 | Lair:1   | Remembered your ancestor Muriel as a battlemage
 14134 | Lair:1   | Reached skill level 7 in Invocations
 14141 | Lair:1   | Gained mutation: You are mostly covered in slimy green
                  | scales. (AC +3) [demonic ancestry]
 14141 | Lair:1   | Reached XP level 12. HP: 62/80 MP: 3/22
 14827 | Lair:2   | Reached XP level 13. HP: 25/86 MP: 3/25
 14885 | Lair:2   | Noticed Fannar
 15082 | Lair:2   | Killed Fannar
 15471 | Lair:2   | Found a staircase to the Shoals.
 15793 | Lair:2   | Learned a level 6 spell: Starburst
 15803 | Lair:2   | Learned a level 9 spell: Fire Storm
 15911 | Lair:2   | Found a staircase to the Snake Pit.
 16310 | Lair:3   | Reached skill level 8 in Invocations
 16942 | Lair:3   | Reached *** piety under Hepliaklqana
 17096 | Lair:3   | Found a hide-covered altar of Uskayaw.
 17331 | Lair:4   | Noticed Rupert
 17337 | Lair:4   | Killed Rupert
 17640 | Lair:4   | Reached skill level 5 in Shields
 17819 | Lair:4   | Reached **** piety under Hepliaklqana
 18194 | Lair:5   | Entered Level 5 of the Lair of Beasts
 18268 | Lair:5   | Found a dark tunnel.
 18283 | Volcano  | Entered a volcano
 18297 | Volcano  | Reached XP level 14. HP: 93/93 MP: 12/27
 18376 | Volcano  | Learned a level 5 spell: Irradiate
 18486 | Volcano  | Reached skill level 1 in Transmutations
 18925 | Lair:5   | Reached skill level 9 in Invocations
 19030 | Lair:5   | Found a viscous altar of Jiyva.
 19033 | Lair:5   | Paralysed by a floating eye for 3 turns
 19059 | Lair:5   | Found a staircase to the Slime Pits.
 19246 | Lair:5   | Reached skill level 10 in Conjurations
 20731 | Lair:5   | Identified the +10 morningstar of the Living Dead {speed,
                  | SInv}
 21362 | D:10     | Reached ***** piety under Hepliaklqana
 21677 | D:10     | Found Qurusk's Weapon Emporium.
 21695 | D:10     | Noticed Erica
 21701 | D:10     | Killed Erica
 21923 | D:10     | Killed Lodul
 21927 | D:10     | Reached skill level 10 in Invocations
 21928 | D:10     | Reached skill level 10 in Fire Magic
 21928 | D:10     | Gained mutation: You have a tail ending in a sharp stinger.
                  | [demonic ancestry]
 21928 | D:10     | Reached XP level 15. HP: 86/100 MP: 12/28
 23518 | D:12     | Reached skill level 5 in Transmutations
 23864 | D:12     | Identified the ring of Amperoomm {rPois Str+6}
 23989 | D:12     | Reached skill level 10 in Spellcasting
 24866 | D:13     | Found a gate to the Vaults.
 25220 | D:13     | Found an ancient bone altar of Kikubaaqudgha.
 25508 | D:14     | Found an ornate altar of the Wu Jian Council.
 25827 | D:14     | You fall into a shaft and drop 1 floor!
 25827 | D:15     | Entered Level 15 of the Dungeon
 26220 | D:15     | Found Ekalaplo's Assorted Antiques.
 26224 | D:15     | Bought a scroll labelled TYTZAE ICEOCHA for 28 gold pieces
 26280 | D:15     | Noticed Azrael
 26290 | D:15     | Killed Azrael
 26437 | D:15     | Reached ****** piety under Hepliaklqana
 26757 | D:15     | Found a sacrificial altar of Ru.
 26769 | D:15     | Found a shimmering altar of Xom.
 27124 | Orc:1    | Entered Level 1 of the Orcish Mines
 27723 | Orc:2    | Entered Level 2 of the Orcish Mines
 27787 | Orc:2    | Noticed an orc warlord
 28046 | Orc:2    | Killed an orc warlord
 28062 | Orc:2    | Reached skill level 11 in Invocations
 28075 | Orc:2    | Gained mutation: You sometimes lose your temper in combat.
                  | [mutagenic glow]
 28194 | Orc:2    | Lost mutation: You sometimes lose your temper in combat.
                  | [potion of mutation]
 28194 | Orc:2    | Gained mutation: You are agile. (Dex +4, Str/Int -1)
                  | [potion of mutation]
 28194 | Orc:2    | Gained mutation: You have a pair of small horns on your
                  | head. [potion of mutation]
 28194 | Orc:2    | Gained mutation: You are very agile. (Dex +8, Str/Int -2)
                  | [potion of mutation]
 28244 | Orc:2    | Found a staircase to the Elven Halls.
 29103 | Orc:2    | Gained mutation: You are completely covered in slimy green
                  | scales. (AC +4, rPois) [demonic ancestry]
 29103 | Orc:2    | Reached XP level 16. HP: 60/108 MP: 17/30
 29134 | Orc:2    | Found Liob's Armour Shoppe.
 29140 | Orc:2    | Bought the +2 leather armour "Pooseafi" {rC++ Int+2 Dex-2}
                  | for 620 gold pieces
 29195 | Orc:2    | Found Hauc's Weapon Boutique.
 29200 | Orc:2    | Reached skill level 10 in Stealth
 29205 | Orc:2    | Found Ulinn's Distillery.
 29266 | Orc:2    | Bought a potion of cancellation for 112 gold pieces
 29266 | Orc:2    | Bought a potion of magic for 112 gold pieces
 29266 | Orc:2    | Bought a potion of might for 56 gold pieces
 29424 | Orc:2    | Found Colomy's Armour Shop.
 29590 | Elf:1    | Entered Level 1 of the Elven Halls
 30157 | Elf:1    | Got Sif Muna's Lessons on Conjury and the Legion
 30451 | Elf:1    | Noticed Frances
 30462 | Elf:1    | Killed Frances
 30711 | Elf:1    | Paralysed by an air elemental for 1 turns
 31498 | Snake:1  | Entered Level 1 of the Snake Pit
 31537 | Snake:1  | Found Lutuon's General Store.
 31537 | Snake:1  | Found Raableikk's Magic Scroll Emporium.
 31604 | Snake:1  | Found Fuohin's Jewellery Shoppe.
 31643 | Snake:1  | Bought a ring of protection from cold for 250 gold pieces
 31852 | Snake:1  | Reached skill level 10 in Fighting
 33325 | Snake:2  | Reached skill level 12 in Invocations
 33633 | Snake:2  | Found a transporter.
 33728 | Snake:2  | Found a transporter.
 34050 | Snake:3  | Reached XP level 17. HP: 104/116 MP: 32/32
 34579 | Snake:3  | Found Colyg's Armour Boutique.
 35199 | Snake:3  | Found a large runed translucent door.
 35199 | Snake:3  | Found a large runed translucent door.
 35204 | Snake:3  | Noticed fleeber's ghost (adept BaHu)
 35687 | Snake:4  | Entered Level 4 of the Snake Pit
 36018 | Snake:4  | HP: 5/116 [shock serpent/electric aura (13)]
 36018 | Snake:4  | Constricted to death by a naga warrior

Illustrated notes

Levels and vault maps discovered:
D:1:      lightli_arrival_lavapool, layout_basic,
          hellmonk_ecumenical_altar_blasted, serial_co_window_serial,
          co_window_corner_a, co_window_paths_b, co_window_paths_b,
          co_window_paths_b, co_window_paths_a, co_window_of_opportunity_c,
          co_window_corner_b, co_window_unsneaky_path_b, co_window_4corner_a,
          co_window_sun, glass_columns_b, glass_columns_a, glass_columns_a,
          glass_columns_c, glass_columns_b
D:2:      layout_rooms, serial_shops, shop_statue, shop, shop,
          kennysheep_decorative_pillar
D:3:      layout_basic
D:4:      layout_rooms, serial_shops, kennysheep_mini_moat, st_stairs_14
D:5:      kennysheep_slugbush, layout_loops_corners, portal_sewer_entry_b,
          serial_shops, nicolae_stop_n_shop_2, uniq_prince_ribbit1
D:6:      layout_loops_cross, nicolae_gozag_zags_fifth_avenue, uniq_eustachio
D:7:      layout_rooms, nemelex_spade_bored_becter,
          minmay_temple_entry_junction_2, uniq_pikel
D:8:      cheibrodos_elevator_heist, layout_loops_corners, lair_entry_dummy,
          minivault_25, minmay_manual_moon
D:9:      layout_basic, zin_statuary, david_orc_4, minivault_20, uniq_maurice
D:10:     layout_stronghold, serial_shops, nicolae_stop_n_shop_2, uniq_erica,
          uniq_lodul
D:11:     layout_long_grid
D:12:     layout_grid_maze, drop_trap
D:13:     layout_loops_ring, david_vaults_2, serial_glass, glass_columns_a,
          glass_columns_b, minmay_misc_feat_square, kennysheep_vampire_church
D:14:     layout_long_grid, nicolae_wu_jian_wuxing_cycle
D:15:     grunt_enter_depths_magical_seal, layout_cave_pools, serial_park,
          serial_park_square3 [serial_park_minivault_5x5_6], serial_park_square1
          [serial_park_minivault_5x5_4], serial_park_tiny_1, serial_park_gazebo
          [serial_park_minivault_5x5_2], serial_park_tiny_2, serial_shops,
          nicolae_shop_statue_plus, hex_large, xom_confusion_cloud, uniq_azrael
Temple:   hellmonk_temple_of_storms
Lair:1:   layout_chaotic_city, serial_bayou_pond_c, dreamdust_gnoll_shepherd,
          uniq_amaemon
Lair:2:   dreamdust_cave_troll, layout_regular_city, elwin_shoals_entry_stream,
          guppyfry_snake_entry_island, grunt_megastairs_1, uniq_fannar
Lair:3:   hellmonk_ruined_rings, layout_chaotic_city, basic_altar, wad_woods_06,
          nicolae_quartered_pool_super
Lair:4:   layout_regular_city, uniq_rupert
Lair:5:   evilmike_catoblepas_cave, layout_hall_layers, minmay_slime_entry_eyes,
          enter_volcano_4, minmay_shattered_shrine
Snake:1:  layout_gridlike, special_room, minmay_shop_star
Snake:2:  gammafunk_its_a_trap, layout_basic
Snake:3:  nicolae_snakescales, layout_layer_cave, ebering_ghost_disaster_area,
          serial_shops, shop, nicolae_large_snake_swirl
Snake:4:  grunt_snake_rune_pools, layout_rooms, basic_altar,
          serial_bayou_shore_a, minmay_shop_grove
Orc:1:    layout_diamond_mine, david_defended_altar_orc
Orc:2:    hellmonk_orc_salted, layout_diamond_mine
Elf:1:    layout_onion_city, minmay_elf_sorcery, uniq_frances
Elf:2:    elven_hall_of_blades_hangedman_alternative
          [nicolae_blade_entry_crossed_weapons], layout_geoelf_octagon,
          uniq_jorgrun

Skill      XL: |  1  2  3  4  5  6  7  8  9 10 11 12 13 14 15 16 17 |
---------------+----------------------------------------------------+-----
Stealth        | 2 3 4 5 6 7 8 9 10 | 10.8
Dodging        | 2 3 4 5 6 7 8 9 |  9.9
Fire Magic     | 3 4 5 6 7 8 9 10 11 | 11.2
Conjurations   | 2 3 4 5 6 7 8 9 10 11 | 11.9
Fighting       | 1 2 3 4 5 6 7 8 9 10 | 10.5
Ranged Weapons | 1 2 3 4 5 6 7 8 9 |  9.0
Spellcasting   | 3 4 5 6 8 9 10 11 | 11.1
Invocations    | 3 5 7 8 10 11 12 | 12.3
Armour         | 1 2 |  2.0
Shields        | 1 3 4 5 |  5.0
Transmutations | 4 6 8 9 |  9.0

Action                   |  1- 3 |  4- 6 |  7- 9 | 10-12 | 13-15 | 16-18 || total
-------------------------+-------+-------+-------+-------+-------+-------++-------
Melee: Unarmed           |     2 |       |       |       |       |       ||     2
       Trident           |    17 |       |       |     5 |       |       ||    22
       Dagger            |     9 |    25 |    79 |   117 |   159 |    89 ||   478
       Tailslap          |       |       |     7 |    25 |    48 |    15 ||    95
       Punch             |       |       |     2 |       |       |       ||     2
       Staff             |       |       |       |     2 |    63 |     2 ||    67
       Morningstar       |       |       |       |       |    13 |       ||    13
       Headbutt          |       |       |       |       |     4 |    17 ||    21
 Fire: Sling             |     7 |    41 |    62 |       |     8 |       ||   118
       Hand crossbow     |       |       |       |       |    83 |       ||    83
 Cast: Foxfire           |    35 |    18 |    78 |    60 |   306 |   226 ||   723
       Scorch            |     2 |    19 |    79 |   101 |   295 |   149 ||   645
       Flame Wave        |       |       |     4 |    12 |    10 |       ||    26
       Irradiate         |       |       |       |       |    39 |    32 ||    71
Invok: Ancestor Life: Ba |       |       |       |     1 |       |       ||     1
Evoke: Wand              |       |       |     1 |     1 |       |       ||     2
  Use: Scroll            |     2 |    14 |    12 |     6 |    15 |     2 ||    51
       Potion            |       |     2 |     3 |     3 |     8 |     3 ||    19
 Stab: Sleeping          |     3 |     1 |     3 |     5 |     4 |     7 ||    23
       Paralysed         |       |     3 |    17 |    36 |    54 |    29 ||   139
       Invisible         |       |       |       |       |     2 |       ||     2
       Distracted        |       |       |       |       |     3 |     2 ||     5
Armor: Robe              |     5 |     6 |    20 |       |       |       ||    31
       Skin              |       |     1 |       |       |       |       ||     1
       Leather armour    |       |       |     2 |    35 |   132 |       ||   169
       Troll leather arm |       |       |       |       |     6 |    29 ||    35
Dodge: Dodged            |    22 |    31 |    65 |    83 |   272 |   104 ||   577
Block: Buckler           |       |       |       |    30 |   163 |    82 ||   275
